 Dungeon Crawl Stone Soup version 0.30-a0-782-ge64f9170bb (webtiles) character file.

Game seed: 5218427692592914895

105 MacCMillion the Chopper (level 4, -5/39 HPs)
             Began as a Hill Orc Fighter on Feb 28, 2023.
             Killed by nerve-wracking pain
             ... invoked by Grinder
              (10 damage)
             ... on level 3 of the Dungeon.
             The game lasted 00:04:14 (2267 turns).

MacCMillion the Chopper (Hill Orc Fighter)          Turns: 2267, Time: 00:04:14

Health: -5/39      AC:  6    Str: 20    XL:     4   Next: 81%
Magic:  4/4        EV:  9    Int:  8    God:
Gold:   115        SH:  4    Dex: 10    Spells: 3/3 levels left

rFire   . . .      SeeInvis .    i - +0 hand axe
rCold   . . .      Faith    .    c - +0 buckler
rNeg    . . .      Spirit   .    b - +0 scale mail
rPois   .          Reflect  .    (no helmet)
rElec   .          Harm     .    (no cloak)
rCorr   .          Rampage  .    (no gloves)
Will    .....                    (no boots) Stlth
                                 (no amulet)
HPRegen 0.26/turn                (no ring)
MPRegen 0.09/turn                (no ring)

@: no status effects
A: no striking features
a: no special abilities


You were on level 3 of the Dungeon.
You visited 1 branch of the dungeon, and saw 3 of its levels.

You collected 115 gold pieces.

Inventory:

Hand Weapons
 a - a +0 war axe
 i - a +0 hand axe (weapon)
Missiles
 w - 2 boomerangs (quivered)
Armour
 b - a +0 scale mail (worn)
 c - a +0 buckler (worn)
Jewellery
 q - a ring of willpower
Scrolls
 e - 2 scrolls of noise {unknown}
 f - 2 scrolls of amnesia {unknown}
 g - 3 scrolls of poison {unknown}
 j - a scroll of enchant weapon {unknown}
 l - a scroll of torment {unknown}
 o - a scroll of enchant armour {unknown}
 p - 2 scrolls of fog {unknown}
 s - a scroll of identify {unknown}
 t - a scroll of blinking {unknown}
 v - 2 scrolls of fear {unknown}
 x - a scroll of silence {unknown}
Potions
 d - 2 potions of might
 h - a potion of brilliance {unknown}
 k - 4 potions of flight {unknown}
 m - a potion of ambrosia {unknown}
 n - a potion of curing {unknown}
 r - 2 potions of degeneration {unknown}
 u - 2 potions of heal wounds {unknown}


   Skills:
 - Level 3.6 Fighting
 + Level 5.8 Axes
 - Level 3.2 Armour
 - Level 4.0 Shields


You had 3 spell levels left.
You didn't know any spells.
Your spell library contained the following spells:

 Spells                   Type           Power      Damage    Failure   Level
 Stone Arrow              Conj/Erth      0%         3d7       99%         3
 Animate Armour           Summ/Erth      0%         N/A       100%        4
 Fireball                 Conj/Fire      0%         3d3       100%        5
 Iskenderun's Battlesphe  Conj           0%         2d6       100%        5
 Conjure Ball Lightning   Conj/Air       0%         3x3d6     100%        6
 Orb of Destruction       Conj           0%         9d5       100%        7
 Lehudib's Crystal Spear  Conj/Erth      0%         10d2      100%        8


Dungeon Overview and Level Annotations

Branches:
Dungeon (3/15)

Altars:
Elyvilon

Annotations:
D:2 1 runed translucent door, Crazy Yiuf
D:3 Grinder


Message History

You resist with significant effort.
A ball python comes into view.
The ball python hisses angrily.
Grinder blinks!
There is a stone staircase leading down here.
The ball python bites you. You block the ball python's attack.
The ball python barely misses you. The ball python closely misses you.
You hit the ball python.
The ball python is severely wounded.
The ball python barely misses you. The ball python grabs you.
The ball python constricts you.
You barely miss the ball python.
The ball python is severely wounded.
You block the ball python's attack. The ball python constricts you.
You barely miss the ball python.
The ball python is severely wounded.
You barely miss Grinder. You block the ball python's attack.
The ball python constricts you. Grinder gestures at you.
Pain shoots through your body!
You slash the ball python!
You kill the ball python!
You barely miss Grinder. Grinder hits you.
You writhe in agony.
You hit Grinder.
Grinder is lightly wounded.
Grinder gestures at you. Pain shoots through your body!
Grinder hits you but does no damage.
You closely miss Grinder.
Grinder is lightly wounded.
Grinder closely misses you.
You see here a ball python corpse.
Grinder attacks as you move away! Grinder hits you.
* * * LOW HITPOINT WARNING * * *
You writhe in agony.
* * * LOW HITPOINT WARNING * * *
Grinder blinks!
Found 7 stones.
Grinder gestures at you. Pain shoots through your body!
You die...

....... #. #. # .
## ##. ### .. #
.... ..# ... #
....# (.#.... #
.....## ....# #
#...#....# # #.@##
# ##..# .###### #
.......#.## .....#
# .#####.#..##
#...# #
#.##..#####...## #
#.....5†..>....####
######.####......##
#.. #....#.## ###.
####.#..#


You could see Grinder.

Vanquished Creatures
  Jessica (D:2)
  4 gnolls (D:2)
  3 dart slugs
  3 ball pythons
  3 bats
  An endoplasm (D:1)
  4 giant cockroaches
  3 hobgoblins
  4 jackals (D:2)
  2 quokkas (D:2)
  A frilled lizard (D:1)
  3 kobolds
  A rat (D:1)
33 creatures vanquished.

Notes
Turn   | Place    | Note
-------+----------+-------------------------------------------
     0 | D:1      | MacCMillion the Hill Orc Fighter began the quest for the
                  | Orb.
     0 | D:1      | Reached XP level 1. HP: 19/19 MP: 1/1
   280 | D:1      | Reached skill level 3 in Axes
   382 | D:1      | Reached XP level 2. HP: 25/26 MP: 2/2
  1067 | D:2      | Noticed Jessica
  1082 | D:2      | Killed Jessica
  1083 | D:2      | Reached skill level 4 in Axes
  1083 | D:2      | Reached XP level 3. HP: 23/31 MP: 3/3
  1165 | D:2      | Found a runed translucent door.
  1166 | D:2      | Noticed Crazy Yiuf
  1221 | D:2      | Found a white marble altar of Elyvilon.
  1471 | D:2      | Reached skill level 5 in Axes
  1471 | D:2      | Reached XP level 4. HP: 18/39 MP: 4/4
  2245 | D:3      | Noticed Grinder
  2267 | D:3      | Killed from afar by Grinder

Illustrated notes

Levels and vault maps discovered:
D:1:      denvon_arrival_planthouse, layout_loops_corners, minmay_bisected
D:2:      layout_loops_ring, serial_rivers, chequers_serial_rivers_room_b,
          chequers_serial_rivers_micro_a, chequers_serial_rivers_micro_a,
          chequers_serial_rivers_marsh, chequers_serial_rivers_room_a,
          basic_altar, uniq_jessica, uniq_crazy_yiuf_cottage
D:3:      layout_rooms, gammafunk_ghost_mausoleum, uniq_grinder, uniq_ijyb

Skill      XL: |  1  2  3 |
---------------+----------+-----
Axes           | 3 4 5 |  5.8
Shields        | 4 |  4.0
Fighting       | |  3.6
Armour         | |  3.2

Action                     |  1- 3 |  4- 6 || total
---------------------------+-------+-------++-------
  Melee: Hand axe          |    78 |    53 ||   131
 Armour: Scale mail        |    30 |    18 ||    48
  Dodge: Dodged            |    34 |    13 ||    47
  Block: Buckler           |    10 |    13 ||    23

Table legend: (Time is in decaauts)
 A = Elapsed time spent in this place.
 B = Non-inter-level travel time spent in this place.
 C = Inter-level travel time spent in this place.
 D = Time resting spent in this place.
 E = Time spent auto-exploring this place.
 F = Levels seen in this place.
 G = Mean time per level.
                   A        B        C        D        E       F      G
               +--------+--------+--------+--------+--------+-----+--------+
         Total |   2299 |   2225 |     74 |    147 |   1719 |   3 |  766.3 |
       Dungeon |   2299 |   2225 |     74 |    147 |   1719 |   3 |  766.3 |
               +--------+--------+--------+--------+--------+-----+--------+

Top non-repeatable levels by time:
     D:1: 1116 daAuts
     D:2: 1101 daAuts
     D:3: 80 daAuts
